 Dungeon Sprint DCSS version 0.17.0-9-g801d43b (webtiles) character file.

1100000 Burgietje the Conqueror (level 14, -9/198 HPs)
             Began as an Ogre Berserker on Nov 10, 2015.
             Was a Follower of Makhleb.
             Mangled by a meat berserker
             ... wielding a +9 battleaxe
              (31 damage)
             ... in the Dungeon (Sprint VIII: "Arena of Blood").
             The game lasted 00:00:24 (11 turns).

Burgietje the Conqueror (Ogre Berserker)              Turns: 11, Time: 00:00:24

Health: -9/198     AC:  3    Str: 29    XL:     14   Next: 66%
Magic:  14/14      EV: 17    Int:  6    God:    Makhleb [*.....]
Gold:   0          SH:  0    Dex:  9    Spells: 0 memorised, 13 levels left

rFire  . . .     SeeInvis .     j - +∞ Axe of Woe
rCold  . . .     Clarity  .     b - +0 animal skin
rNeg   . . .     SustAt   .     (shield currently unavailable)
rPois  .         Gourm    .     (helmet restricted)
rElec  .         Spirit   .     (no cloak)
rCorr  .         Warding  .     (gloves unavailable)
rMut   .         NoTele   +     (boots unavailable)
MR     +....                    (no amulet)
Stlth  +.........               (no ring)
                                (no ring)

@: somewhat resistant to hostile enchantments, very unstealthy
A: unfitting armour, tough skin 1
a: Renounce Religion


You were in the Dungeon.
You worshipped Makhleb.
Makhleb was aware of your devotion.
You were not hungry.

You visited 1 branch

Inventory:

Hand Weapons
 a - a +0 hand axe
 j - the +∞ Axe of Woe (weapon)
   (You found it in the Dungeon)
Armour
 b - a +0 animal skin (worn)
Scrolls
 i - a scroll of blinking
Potions
 d - a potion of curing
 e - a potion of heal wounds
 f - a potion of haste
 g - 2 potions of magic
 h - a potion of berserk rage
Comestibles
 c - a bread ration


   Skills:
 O Level 27 Fighting
 + Level 17.9 Axes
 + Level 19.8 Dodging


You had 13 spell levels left.
You didn't know any spells.

Dungeon Overview and Level Annotations

Branches:
Dungeon (1/1)

Altars:
Makhleb


Innate Abilities, Weirdness & Mutations

You are too large for most types of armour.
You have tough skin (AC +1).


Message History

Your experience leads to an increase in your attributes!
Increase (S)trength, (I)ntelligence, or (D)exterity?
You feel stronger. x2
You have reached level 13!
You slash the bag of meat! You chop the bag of meat into pieces.
You kill the bag of meat!
Makhleb accepts your kill.
You can now gain health from killing.
Your Fighting skill gained 2 levels and is now at level 25!
Your Axes skill increases to level 16!
Your Dodging skill increases to level 18!
You have reached level 14!
You slash the bag of meat!
You dissect the bag of meat like a pig carcass.
You kill the bag of meat!
Makhleb accepts your kill.
You have mastered Fighting!
Your Axes skill increases to level 17!
Your Dodging skill increases to level 19!
You hear a shout! x10
The meat berserker hits you with a +9 battleaxe!!
You die...

#....o#....... .
#_.<._#.......
....#.....#......#.
......._...........
......###....O....#
.###......o###.....
#.....O.#.......
#....o.O#)......
.......o)@)......
.......oo.o..#...
....o.......#....
......o...##.....
...oC..o#o ... #
.o.o....#. ###
.#.C...o... .......
..


You could see 2 large bags of meat, 2 meat berserkers and 14 bags of meat.

Vanquished Creatures
  An ogre (D)
  2 orcs (D)
3 creatures vanquished.

Notes
Turn   | Place    | Note
--------------------------------------------------------------
     0 | D        | Burgietje the Ogre Berserker began the quest for the Orb.
     0 | D        | Reached XP level 1. HP: 24/24 MP: 1/1
     2 | D        | Noticed a bag of meat
     2 | D        | Noticed a bag of meat
     3 | D        | Fell from the grace of Trog
     3 | D        | Became a worshipper of Makhleb the Destroyer
     6 | D        | Noticed a bag of meat
     6 | D        | Noticed a meat berserker
     6 | D        | Noticed a bag of meat
     7 | D        | Noticed a bag of meat
     7 | D        | Noticed a meat berserker
     7 | D        | Noticed a meat berserker
     8 | D        | Noticed a bag of meat
     8 | D        | Noticed a bag of meat
     8 | D        | Noticed a bag of meat
     8 | D        | Noticed a bag of meat
     9 | D        | Noticed a bag of meat
     9 | D        | Noticed a bag of meat
     9 | D        | Noticed a bag of meat
    10 | D        | Noticed a bag of meat
    10 | D        | Noticed a bag of meat
    10 | D        | Noticed a bag of meat
    10 | D        | Noticed a large bag of meat
    10 | D        | Noticed a large bag of meat
    10 | D        | Noticed a bag of meat
    11 | D        | Noticed a bag of meat
    11 | D        | Killed a meat berserker
    11 | D        | Reached skill level 23 in Fighting
    11 | D        | Reached skill level 15 in Axes
    11 | D        | Reached XP level 2. HP: 11/75 MP: 2/2
    11 | D        | Reached XP level 3. HP: 12/84 MP: 3/3
    11 | D        | Reached XP level 4. HP: 13/93 MP: 4/4
    11 | D        | Reached XP level 5. HP: 14/102 MP: 5/5
    11 | D        | Reached XP level 6. HP: 15/113 MP: 6/6
    11 | D        | Reached XP level 7. HP: 15/120 MP: 7/7
    11 | D        | Reached XP level 8. HP: 16/131 MP: 8/8
    11 | D        | Reached XP level 9. HP: 17/140 MP: 9/9
    11 | D        | Reached XP level 10. HP: 18/149 MP: 10/10
    11 | D        | Reached XP level 11. HP: 19/158 MP: 11/11
    11 | D        | Reached XP level 12. HP: 20/169 MP: 12/12
    11 | D        | Reached XP level 13. HP: 20/176 MP: 13/13
    11 | D        | Killed a bag of meat
    11 | D        | Reached * piety under Makhleb
    11 | D        | Reached skill level 25 in Fighting
    11 | D        | Reached XP level 14. HP: 21/192 MP: 14/14
    11 | D        | Killed a bag of meat
    11 | D        | Reached skill level 27 in Fighting
    11 | D        | Mangled by a meat berserker

Action                   |  1- 3 |  4- 6 |  7- 9 | 10-12 | 13-15 || total
-------------------------+-------+-------+-------+-------+-------++-------
Melee: Executioner's axe |     1 |       |       |       |       ||     1
